 Dungeon Crawl Stone Soup version 0.30-a0-923-g828ccac5a3 (webtiles) character file.

Game seed: 1401549369911765904

1767 Querens the Jinx (level 8, -4/36 HPs)
             Began as a Spriggan Enchanter on Mar 22, 2023.
             Was an Initiate of Wu Jian.
             Slain by an orc
             ... wielding a +0 whip
              (5 damage)
             ... while paralysed by an orc
             ... on level 7 of the Dungeon.
             The game lasted 00:15:35 (3987 turns).

Querens the Jinx (Spriggan Enchanter)               Turns: 3987, Time: 00:15:35

Health: -4/36      AC:  2    Str:  4    XL:     8   Next: 80%
Magic:  3/21       EV:  4    Int: 16    God:    Wu Jian [......]
Gold:   397        SH:  0    Dex: 18    Spells: 15/23 levels left

rFire   . . .      SeeInvis +    a - +1 dagger
rCold   . . .      Faith    .    (no shield)
rNeg    . . .      Spirit   .    b - +0 robe
rPois   +          Reflect  .    (helmet restricted)
rElec   .          Rampage  .    (no cloak)
rCorr   .                        (gloves unavailable)
Will    +....                    (boots unavailable)
Stlth   +++                      q - amulet of regeneration
HPRegen 1.06/turn                o - ring of poison resistance
MPRegen 0.17/turn                (no ring)

@: paralysed, very quick
A: very small, no large weapons, unfitting armour, see invisible, speed 3
a: Renounce Religion


You were on level 7 of the Dungeon.
You worshipped Wu Jian.
Wu Jian was noncommittal.
You visited 2 branches of the dungeon, and saw 9 of its levels.

You collected 397 gold pieces.

Inventory:

Hand Weapons
 a - a +1 dagger (weapon)
 u - a +0 dagger of freezing
 v - a +0 dagger of speed
Armour
 b - a +0 robe (worn)
 m - a +0 buckler
Jewellery
 o - a ring of poison resistance (left hand)
 q - an amulet of regeneration (around neck)
Wands
 y - a wand of digging (4)
Scrolls
 d - 5 scrolls of teleportation
 e - 6 scrolls of identify {unknown}
 h - 3 scrolls of fear {unknown}
 k - 2 scrolls of noise {unknown}
 l - 2 scrolls of enchant armour {unknown}
 n - 2 scrolls of magic mapping {unknown}
 r - 2 scrolls of blinking {unknown}
 s - a scroll of fog {unknown}
 t - 3 scrolls of immolation {unknown}
 x - a scroll of enchant weapon {unknown}
Potions
 c - 3 potions of invisibility
 f - 5 potions of curing {unknown}
 g - a potion of lignification {unknown}
 i - a potion of haste {unknown}
 j - a potion of resistance {unknown}
 p - a potion of brilliance {unknown}
 w - 2 potions of mutation {unknown}
 z - 2 potions of attraction {unknown}


   Skills:
 + Level 7.2 Short Blades
 - Level 2.6 Dodging
 - Level 4.4 Stealth
 + Level 8.3 Spellcasting
 + Level 8.7 Hexes


You had 15 spell levels left.
You knew the following spells:

 Your Spells              Type           Power      Damage    Failure   Level
a - Ensorcelled Hibernat  Hex/Ice        40%        N/A       2%          2
b - Confusing Touch       Hex            34%        N/A       1%          3
c - Tukima's Dance        Hex            34%        N/A       1%          3

Your spell library contained the following spells:

 Spells                   Type           Power      Damage    Failure   Level
 Dazzling Flash           Conj/Hex       40%        N/A       5%          3
 Inner Flame              Hex/Fire       20%        N/A       5%          3
 Anguish                  Hex/Necr       10%        N/A       19%         4
 Frozen Ramparts          Ice            12%        1d2       32%         3
 Gell's Gravitas          Tloc           6%         N/A       32%         3
 Teleport Other           Tloc           6%         N/A       32%         3
 Flame Wave               Conj/Fire      6%         2d5       73%         4
 Ice Form                 Ice/Tmut       6%         N/A       73%         4
 Sticky Flame             Conj/Fire      6%         2d3       73%         4
 Summon Ice Beast         Ice/Summ       6%         N/A       73%         4
 Enfeeble                 Hex            17%        N/A       95%         7
 Dispersal                Tloc           3%         N/A       100%        6


Dungeon Overview and Level Annotations

Branches:
Dungeon (8/15)             Temple (1/1) D:6
   Lair: D:8-11

Altars:
Ashenzari
Cheibriados
Dithmenos
Fedhas
Makhleb
Qazlal
Vehumet
Wu Jian
Xom
Yredelemnul
Zin

Annotations:
D:7 Dowan, Duvessa
D:8 Gastronok


Innate Abilities, Weirdness & Mutations

You are very small and have problems with some larger weapons.
You are too small for most types of armour.
You have supernaturally acute eyesight. (SInv)
You cover ground extremely quickly. (Speed+++)


Message History

Confirm with . or Enter, or press ? or * to list all spells.
Aiming: Ensorcelled Hibernation (safe; 2% risk of failure)
Press: ? - help, Shift-Dir - straight line, f/p - Duvessa
Aim: Duvessa, wielding a +0 short sword, wearing a +2 scale mail of fire resistance and carrying a wand of polymorph (10) (chance to affect: 35%) Duvessa easily resists.
A gnoll comes into view. It is wielding a +0 club.
A gnoll comes into view. It is wielding a +0 spear.
The orc misses you. The orc barely misses you.
The gnoll bouda calls upon its god to heal the gnoll.
The gnoll's wounds heal themselves!
The orc closely misses you.
Dowan barely misses the gnoll.
Duvessa hits you with a +0 short sword.
Casting: Ensorcelled Hibernation (safe; 2% risk of failure)
Confirm with . or Enter, or press ? or * to list all spells.
Aiming: Ensorcelled Hibernation (safe; 2% risk of failure)
Press: ? - help, Shift-Dir - straight line, f/p - Duvessa
Aim: Duvessa, wielding a +0 short sword, wearing a +2 scale mail of fire resistance and carrying a wand of polymorph (10) (chance to affect: 35%) Duvessa easily resists.
The gnoll hits you from afar with a +0 spear.
The orc completely misses you. The orc hits you with a +0 short sword.
The orc hits you but does no damage. Duvessa misses you.
Casting: Ensorcelled Hibernation (safe; 2% risk of failure)
Confirm with . or Enter, or press ? or * to list all spells.
Aiming: Ensorcelled Hibernation (safe; 2% risk of failure)
Press: ? - help, Shift-Dir - straight line, f/p - Duvessa
Aim: Duvessa, wielding a +0 short sword, wearing a +2 scale mail of fire resistance and carrying a wand of polymorph (10) (chance to affect: 35%) Duvessa easily resists.
The gnoll closely misses you.
The gnoll hits you from afar with a +0 spear.
The orc hits you with a +0 whip.
* * * LOW HITPOINT WARNING * * *
The orc misses you. The orc hits you with a +0 short sword.
* * * LOW HITPOINT WARNING * * *
Dowan hits the gnoll with a +0 dagger.
Duvessa zaps a wand.
You resist with almost no effort.
The orc zaps a wand.
You suddenly lose the ability to move!
The orc hits you with a +0 whip.
* * * LOW HITPOINT WARNING * * *
The gnoll hits you from afar with a +0 spear.
* * * LOW HITPOINT WARNING * * *
The orc hits you with a +0 whip.
You die...

........# ........# #.. ........#
.... ..#>....# #:. #..#
..#..##.###.. .... ..#.....##..#
... ........##..######.#
.........#.........# ..
)..............e@..# ..#
>..............oo..## #... .
..............gog...#####...##(#
..........#.#.g.g.......o....#. #
..#.#.....###.g.#...[.?.# .. ..
..###......#..e$#.......# .##..
#........†....#.......=.####.#...
#...#...........#.......##....#
#...##.........).#..#^........#


You could see Duvessa, Dowan (confused), a gnoll bouda, 4 gnolls and 3 orcs.

Vanquished Creatures
  A water moccasin (D:6)
  A sky beast (D:6)
  An ice beast (D:6)
  2 black bears
  An ogre (D:5)
  2 phantoms
  A bullfrog (D:7)
  5 scorpions
  2 howler monkeys
  2 jellies (D:6)
  3 hounds
  An orc priest (D:5)
  A sleepcap (D:6)
  2 iguanas (D:6)
  5 orc wizards (D:5)
  2 gnolls (D:6)
  11 adders
  A white imp (D:7)
  2 ufetubi
  A worm (D:3)
  2 dart slugs
  12 orcs
  6 ball pythons
  6 endoplasms
  3 giant cockroaches
  3 goblins
  12 hobgoblins
  7 jackals (D:1)
  2 quokkas
  5 bats
  6 frilled lizards
  5 kobolds
  8 rats
124 creatures vanquished.

Vanquished Creatures (others)
  10 fungi (D:4)
10 creatures vanquished.

Grand Total: 134 creatures vanquished

Notes
Turn   | Place    | Note
-------+----------+-------------------------------------------
     0 | D:1      | Querens the Spriggan Enchanter began the quest for the Orb.
     0 | D:1      | Reached XP level 1. HP: 9/9 MP: 5/5
   211 | D:1      | Reached XP level 2. HP: 11/13 MP: 7/7
   383 | D:1      | Found a faded altar of an unknown god.
   695 | D:1      | Reached XP level 3. HP: 16/16 MP: 8/8
   841 | D:2      | Learned a level 2 spell: Ensorcelled Hibernation
   845 | D:2      | Learned a level 3 spell: Confusing Touch
   849 | D:2      | Learned a level 3 spell: Tukima's Dance
  1188 | D:2      | Found a radiant altar of Vehumet.
  1682 | D:3      | Reached XP level 4. HP: 21/21 MP: 5/10
  1885 | D:3      | You fall into a shaft and drop 2 floors!
  1885 | D:5      | Entered Level 5 of the Dungeon
  1887 | D:5      | Noticed a scorpion
  1924 | D:5      | Noticed a phantom
  2001 | D:4      | Reached skill level 5 in Hexes
  2052 | D:3      | Reached XP level 5. HP: 24/24 MP: 4/12
  2535 | D:4      | Noticed a phantom
  2563 | D:4      | Killed a phantom
  2811 | D:4      | Reached XP level 6. HP: 28/28 MP: 5/14
  2884 | D:5      | Reached skill level 5 in Spellcasting
  3058 | D:5      | Reached XP level 7. HP: 26/32 MP: 2/16
  3201 | D:5      | Reached skill level 5 in Short Blades
  3529 | D:6      | Reached XP level 8. HP: 36/36 MP: 16/19
  3663 | D:6      | Found a staircase to the Ecumenical Temple.
  3664 | D:6      | Found the +1 Delatra's gloves {ID++}
  3683 | Temple   | Entered the Ecumenical Temple
  3705 | Temple   | Became a worshipper of the Wu Jian Council
  3876 | D:7      | Paralysed by an orc for 2 turns
  3882 | D:8      | Noticed Gastronok
  3961 | D:7      | Noticed Duvessa
  3961 | D:7      | Noticed Dowan
  3985 | D:7      | Paralysed by an orc for 2 turns
  3987 | D:7      | HP: 1/36 [gnoll/+0 spear[a gnoll bouda] (6)]
  3987 | D:7      | Slain by an orc

Illustrated notes

Levels and vault maps discovered:
D:1:      dpeg_arrival_brainrot, layout_basic, ebering_ecumenical_altar_webs,
          dk_noncrumbling_2, chequers_avenue
D:2:      layout_basic, basic_altar, due_unseen_surprise
D:3:      layout_loops_corners, grunt_decor_fettered
D:4:      layout_loops_ring, serial_aquarium, aquarium_bridge_square
          [aquarium_subvault_wall, aquarium_subvault_bridge,
          aquarium_subvault_balcony, aquarium_subvault_bridge],
          aquarium_bridge_long_separate [aquarium_subvault_bridge,
          aquarium_subvault_bridge, aquarium_subvault_wall,
          aquarium_subvault_bridge, aquarium_subvault_bridge,
          aquarium_subvault_bridge], aquarium_window_2,
          aquarium_window_corridor_3, aquarium_view_2b
D:5:      layout_basic
D:6:      layout_cave_pools, minmay_temple_entry_offerings
D:7:      layout_cave_pools, minitemple, trog_wizard, st_stairs_8, uniq_duvessa
D:8:      minmay_quarter_circles, layout_basic, enter_bailey_5, uniq_psyche,
          uniq_grum, uniq_gastronok
Temple:   hellmonk_temple_of_storms

Skill      XL: |  1  2  3  4  5  6  7  8 |
---------------+-------------------------+-----
Spellcasting   | 3 4 5 7 8 |  8.3
Hexes          | 4 5 6 7 8 |  8.7
Short Blades   | 2 3 4 6 7 |  7.2
Dodging        | |  2.6
Stealth        | |  4.4

Action                     |  1- 3 |  4- 6 |  7- 9 || total
---------------------------+-------+-------+-------++-------
  Melee: Dagger            |   197 |   125 |   159 ||   481
         Punch             |       |     1 |     4 ||     5
   Cast: Ensorcelled Hiber |     5 |    28 |    37 ||    70
         Confusing Touch   |       |     1 |     6 ||     7
Ability: Lunge             |       |       |     5 ||     5
    Use: Scroll            |       |       |     1 ||     1
   Stab: Sleeping          |    17 |    17 |    20 ||    54
         Confused          |       |     1 |     7 ||     8
 Armour: Robe              |    14 |    10 |    13 ||    37
  Dodge: Dodged            |   146 |   101 |    86 ||   333

Table legend: (Time is in decaauts)
 A = Elapsed time spent in this place.
 B = Non-inter-level travel time spent in this place.
 C = Inter-level travel time spent in this place.
 D = Time resting spent in this place.
 E = Time spent auto-exploring this place.
 F = Levels seen in this place.
 G = Mean time per level.
                   A        B        C        D        E       F      G
               +--------+--------+--------+--------+--------+-----+--------+
         Total |   2609 |   2495 |    114 |      9 |      0 |   9 |  289.9 |
       Dungeon |   2581 |   2471 |    110 |      9 |      0 |   8 |  322.6 |
        Temple |     27 |     24 |      3 |      0 |      0 |   1 |   27.0 |
               +--------+--------+--------+--------+--------+-----+--------+

Top non-repeatable levels by time:
     D:1: 556 daAuts
     D:3: 451 daAuts
     D:5: 429 daAuts
     D:2: 408 daAuts
     D:4: 341 daAuts
     D:6: 290 daAuts
     D:7: 100 daAuts
  Temple: 27 daAuts
     D:8: 1 daAuts
